 Dungeon Crawl Stone Soup version 0.17.2-1-ge4368a0 (webtiles) character file.

89 rlgrobin the Insei (level 4, -3/35 HPs)
             Began as a Mummy Monk on Apr 28, 2017.
             Slain by an orc
             ... wielding a +0 hand axe
              (9 damage)
             ... on level 3 of the Dungeon.
             The game lasted 00:02:28 (3008 turns).

rlgrobin the Insei (Mummy Monk)                     Turns: 3008, Time: 00:02:29

Health: -3/35      AC:  1    Str: 14    XL:     4   Next: 31%
Magic:  4/4        EV: 13    Int:  9    God:
Gold:   89         SH:  0    Dex: 15    Spells: 0 memorised, 3 levels left

rFire  x . .     SeeInvis .       - Unarmed
rCold  + . .     Clarity  .     (no armour)
rNeg   + + +     SustAt   .     (no shield)
rPois  ∞         Gourm    .     a - +0 helmet
rElec  .         Spirit   .     (no cloak)
rCorr  .         Warding  .     (no gloves)
rMut   .         Stasis   .     (no boots)
MR     .....                    (no amulet)
Stlth  ++........               (no ring)
                                (no ring)

@: not resistant to hostile enchantments, unstealthy
A: no food or potions, fire vulnerability, cold resistance 1, negative energy
resistance 3, torment resistance, unbreathing
a: no special abilities


You were on level 3 of the Dungeon.
You were not hungry.

You visited 1 branch of the dungeon, and saw 3 of its levels.

You collected 89 gold pieces.


Innate Abilities, Weirdness & Mutations

You do not eat or drink.
Your flesh is vulnerable to fire.
You are immune to poison.
Your flesh is cold resistant.
You are immune to negative energy.
You are immune to unholy pain and torment.
You can survive without breathing.


   Skills:
 - Level 3.0 Fighting
 - Level 2.4 Dodging
 - Level 1.5 Stealth
 + Level 4.8 Unarmed Combat


You had 3 spell levels left.
You didn't know any spells.

Inventory:

Armour
 a - a +0 helmet (worn)
 h - a +0 shield
Scrolls
 b - a scroll of amnesia {unknown}
 c - a scroll of remove curse {unknown}
 d - 3 scrolls of teleportation {unknown}
 e - a scroll of enchant weapon {unknown}
 f - 2 scrolls of noise {unknown}
 g - a scroll of identify {unknown}
 i - a scroll of fear {unknown}

Dungeon Overview and Level Annotations

Branches:
Dungeon (3/15)

Altars:
Fedhas

Annotations:
D:3 DEFE's ghost, amateur DEAK

▒▒▒▒▒.......▒
!..▒.......▒▒
▒.▒............
▒.▒............
▒..........(...
▒....?.........
▒.....o....▒
▒......M...▒
▒..........▒
▒.▒▒▒▒▒..▒▒▒
▒..▒▒▒▒▒▒▒▒
▒▒▒.......?..
▒.........▒▒▒
+.........+
▒.......(.▒ ..
▒ ▒.........▒
..


You could see an orc.


Message History

The adder misses you!
You barely miss the adder! The adder bites you! The adder misses you!
You take 4 damage, and have 30/35 hp!
You pulverise the adder!!!
You annihilate the adder!!!
No target in view!!!
No target in view!!!
You see here an adder corpse!
You start resting!
HP restored!
Health restored: 35
Found a scroll labeled JURHUO QEOPS!
d - 3 scrolls labeled VOPTUL POTI (gained 1)
An orc comes into view! It is wielding a hand axe!
An orc is nearby!!!
An orc is nearby!!!
Found 26 stones!
The orc shouts!!!
The orc zaps a wand!
The bolt of lightning hits you!!!
It is a wand of lightning!
Found a yellow potion!
You take 13 damage, and have 22/35 hp!
MASSIVE DAMAGE!!!!!!
The orc zaps a wand!
The bolt of lightning hits you!!! * * * don't die
* * * The bolt of lightning misses you!
The bolt of lightning misses the orc!
You take 16 damage, and have 6/35 hp!
MASSIVE DAMAGE!!!!!!
You are too injured to fight recklessly!!!
You are too injured to fight recklessly!!!
You pulverise the orc but do no damage!
The orc hits you with a hand axe!!! rip

Action                   |  1- 3 |  4- 6 || total
-------------------------+-------+-------++-------
Melee: Unarmed           |   196 |    15 ||   211
 Stab: Sleeping          |     3 |     1 ||     4

Vault maps used:
D:1:      dpeg_arrival_windows_large_door
D:2:      fedhas_altar_2
D:3:      grunt_ministairs_14, uniq_grinder

Notes
Turn   | Place    | Note
--------------------------------------------------------------
     0 | D:1      | rlgrobin the Mummy Monk began the quest for the Orb.
     0 | D:1      | Reached XP level 1. HP: 18/18 MP: 1/1
   251 | D:1      | Reached XP level 2. HP: 6/24 MP: 2/2
   959 | D:1      | Reached skill level 4 in Unarmed Combat
  1155 | D:1      | Reached XP level 3. HP: 15/29 MP: 3/3
  2088 | D:2      | Found a blossoming altar of Fedhas.
  2768 | D:2      | Reached XP level 4. HP: 26/35 MP: 4/4
  2922 | D:3      | Noticed DEFE's ghost (amateur DEAK)
  3008 | D:3      | Slain by an orc

Vanquished Creatures
  4 adders
  An ooze (D:1)
  A worm (D:2)
  2 giant geckos (D:1)
  2 ball pythons (D:1)
  8 bats
  2 giant cockroaches (D:1)
  4 goblins
  5 hobgoblins
  6 kobolds
  3 giant newts
  3 jackals (D:2)
  6 rats
47 creatures vanquished.
